 Dungeon Crawl Stone Soup version 0.26.0-15-gc6cd9f700b (webtiles) character file.

Game seed: 3956891795219400433

4190 xSliceyx the Blocker (level 10, -10/66 HPs)
             Began as a Gargoyle Fighter on Jan 16, 2021.
             Mangled by a freezing wraith (18 damage)
             ... on level 8 of the Dungeon.
             The game lasted 00:31:11 (10503 turns).

xSliceyx the Blocker (Gargoyle Fighter)            Turns: 10503, Time: 00:31:13

Health: -10/66     AC: 25    Str: 23    XL:     10   Next: 29%
Magic:  0/19       EV:  7    Int:  8    God:
Gold:   463        SH: 12    Dex: 10    Spells: 9/9 levels left

rFire    . . .     SeeInvis .   z - -3 flail (curse)
rCold    . . .     Faith    .   c - +0 kite shield
rNeg     + . .     Spirit   +   H - +5 chain mail of Camoip {Rampage rElec rF-}
rPois    ∞         Reflect  .   (no helmet)
rElec    +         Harm     .   q - +0 cloak
rCorr    .         Rampage  +   (no gloves)
Will     .....                  (no boots)
Stlth    ..........             e - amulet of guardian spirit
HPRegen  0.21/turn              J - ring of magical power
MPRegen  0.16/turn              y - ring of protection from fire

@: mighty, slowed, very slow
A: negative energy resistance 1, electricity resistance, unbreathing,
petrification resistance, miasma immunity, AC +7
a: no special abilities


You were on level 8 of the Dungeon.
You visited 2 branches of the dungeon, and saw 9 of its levels.

You collected 463 gold pieces.

Inventory:

Hand Weapons
 a - a cursed -3 long sword
 z - a cursed -3 flail (weapon)
 B - a +3 spear
 E - the +8 hand axe of Bajueke {vorpal, Str-3 Dex+5, unknown}
   (You found it on level 6 of the Dungeon)

   It inflicts extra damage upon your enemies.
   It affects your strength (-3).
   It affects your dexterity (+5).
Missiles
 A - 18 poisoned darts (quivered)
Armour
 c - a +0 kite shield (worn)
 q - a +0 cloak (worn)
 F - a +1 scale mail of willpower
 H - the +5 chain mail of Camoip (worn) {Rampage rElec rF-}
   (You found it on level 8 of the Dungeon)

   It makes you vulnerable to fire.
   It insulates you from electricity.
   It bestows one free step when moving towards enemies.
Jewellery
 e - an amulet of guardian spirit (around neck)
 v - an uncursed ring of wizardry
 y - a ring of protection from fire (right hand)
 J - a ring of magical power (left hand)
Wands
 k - a wand of iceblast (6)
 l - a wand of paralysis (8)
 m - a wand of polymorph (11)
 C - a wand of random effects (27)
 G - a wand of enslavement (5)
Scrolls
 d - 4 scrolls of teleportation
 f - 2 scrolls of enchant weapon
 i - a scroll of amnesia
 j - a scroll of identify
 r - a scroll of magic mapping
 t - a scroll of fog
 D - 3 scrolls of fear
Potions
 b - a potion of mutation {unknown}
 g - 3 potions of curing
 h - 2 potions of haste {unknown}
 n - a potion of attraction {unknown}
 p - a potion of brilliance {unknown}
 s - a potion of magic {unknown}
 u - 2 potions of berserk rage
 w - 3 potions of degeneration {unknown}
 x - a potion of lignification {unknown}
 I - 2 potions of cancellation {unknown}


   Skills:
 + Level 9.6 Fighting
 - Level 1.7 Long Blades
 + Level 9.6 Armour
 + Level 9.6 Shields
 + Level 2.7 Evocations


You had 9 spell levels left.
You didn't know any spells.
Your spell library contained the following spells:

 Spells                   Type           Power        Failure   Level
 Magic Dart               Conj           0%           99%         1
 Blink                    Tloc           N/A          100%        2
 Call Imp                 Summ           0%           100%        2
 Slow                     Hex            0%           100%        2
 Conjure Flame            Conj/Fire      0%           100%        3
 Mephitic Cloud           Conj/Pois/Air  0%           100%        3


Dungeon Overview and Level Annotations

Branches:
Dungeon (8/15)             Temple (1/1) D:6
   Lair: D:8-11

Altars:
Ashenzari
Cheibriados
Dithmenos
Elyvilon
Fedhas
Gozag
Hepliaklqana
Kikubaaqudgha
Makhleb
Nemelex Xobeh
Okawaru
Qazlal
Ru
Sif Muna
Uskayaw
Vehumet
Wu Jian
Xom
Yredelemnul
Zin
The Shining One

Shops:
D:4 =   D:8 (*


Innate Abilities, Weirdness & Mutations

You are resistant to torment.
Your stone body is resilient. (AC +7)
You are immune to poison.
You resist negative energy. (rN+)
You are resistant to electric shocks. (rElec)
You can survive without breathing.
You are immune to petrification.
You are immune to miasma.


Message History

The freezing wraith drains your vigour!
You feel as though you will be slow longer.
The freezing wraith hits you but does no damage.
The freezing wraith closely misses you.
You closely miss the freezing wraith.
The freezing wraith is severely damaged.
You recover from your berserk rage.
The freezing wraith hits you but does no damage.
The freezing wraith barely misses you. You block the freezing wraith's attack.
The freezing wraith barely misses you.
The freezing wraith hits you but does no damage.
You block the freezing wraith's attack.
You closely miss the freezing wraith.
The freezing wraith is severely damaged.
The ogre mage is no longer moving quickly.
You block the freezing wraith's attack. The freezing wraith closely misses you.
The freezing wraith hits you.
* * * LOW HITPOINT WARNING * * *
The freezing wraith freezes you!!
You die...

#.##.########.##.#######.#..#
##.##.#......)............#..##
......#.#(####.##.............#
......#.#.# #....#########...#
..>...#.#.# #...##...©...##..#
......#.#.# #...#8.##.##.8#..###
#####.#.#.####...#$!##.##..#....#
#.#.#........#Y(.......#....#
#.#.######..@#O$....©..#©...#
#.#........W.#W).......#....#
#.#..........#$(##.##..#....#
#.#.###......#8.##.##.8#..#.#
#.#.###.##...##.......##..#.#
#.#.....##....#########...#.#
#####.########................#.#
...##.........÷...#.###.####..#.#
...........†..........#.......#.#


You could see an ogre mage, a freezing wraith, a sky beast and a shadow.

Vanquished Creatures
  Grinder (D:6)
  A hornet (D:8)
  A troll (D:6)
  A soldier ant (D:6)
  A water moccasin (D:6)
  2 orc warriors (D:6)
  An ice beast (D:6)
  5 sky beasts
  A black bear (D:8)
  2 centaurs (D:5)
  2 ogres
  A necrophage (D:8)
  Blork the orc (D:6)
  A big kobold (D:5)
  5 bullfrogs
  A gnoll sergeant (D:8)
  A water moccasin skeleton (D:6)
  4 wights (D:6)
  A howler monkey (D:5)
  2 bullfrog zombies
  A hound (D:5)
  3 orc priests
  A jelly (D:7)
  Crazy Yiuf (D:2)
  2 orc wizards (D:8)
  Terence (D:2)
  3 bullfrog skeletons
  2 iguanas (D:4)
  8 worker ants
  A hound zombie (D:6)
  A hound skeleton (D:7)
  12 gnolls
  2 worker ant zombies
  12 adders
  2 shadow imps (D:6)
  A white imp (D:3)
  3 ufetubi
  An ooze (D:4)
  An adder skeleton (D:4)
  3 leopard geckos
  23 orcs
  6 bats
  A giant cockroach (D:3)
  2 gnoll zombies (D:2)
  7 goblins
  5 hobgoblins
  8 jackals
  3 quokkas
  A ball python (D:1)
  5 frilled lizards
  6 kobolds
  A quokka skeleton (D:5)
  4 rats
168 creatures vanquished.

Vanquished Creatures (collateral kills)
  4 yaks (D:8)
4 creatures vanquished.

Vanquished Creatures (others)
  4 toadstools (D:1)
4 creatures vanquished.

Grand Total: 176 creatures vanquished

Notes
Turn   | Place    | Note
-------+----------+-------------------------------------------
     0 | D:1      | xSliceyx the Gargoyle Fighter began the quest for the Orb.
     0 | D:1      | Reached XP level 1. HP: 14/14 MP: 1/1
   367 | D:1      | Reached XP level 2. HP: 19/19 MP: 2/2
  1055 | D:2      | Reached XP level 3. HP: 13/24 MP: 3/3
  1215 | D:2      | Found a runed translucent door.
  1216 | D:2      | Noticed Crazy Yiuf
  1437 | D:2      | Found a basalt altar of Yredelemnul.
  1587 | D:2      | Reached XP level 4. HP: 13/29 MP: 1/4
  1801 | D:2      | Noticed Terence
  1851 | D:2      | Killed Terence
  2258 | D:2      | Killed Crazy Yiuf
  2259 | D:2      | Reached XP level 5. HP: 26/34 MP: 2/5
  2754 | D:3      | Found a burning altar of Makhleb.
  2952 | D:3      | Found an ornate altar of the Wu Jian Council.
  3040 | D:4      | Noticed an ogre
  3059 | D:4      | Killed an ogre
  3060 | D:4      | Reached skill level 5 in Fighting
  3060 | D:4      | Reached skill level 5 in Armour
  3060 | D:4      | Reached skill level 5 in Shields
  3060 | D:4      | Reached XP level 6. HP: 11/40 MP: 1/6
  3771 | D:4      | Found Veomy's Jewellery Boutique.
  3899 | D:4      | Found a shadowy altar of Dithmenos.
  4035 | D:4      | Found a blossoming altar of Fedhas.
  4068 | D:5      | Entered Level 5 of the Dungeon
  4094 | D:5      | Reached XP level 7. HP: 37/44 MP: 7/7
  4444 | D:5      | Found a glowing golden altar of the Shining One.
  4501 | D:5      | Found a sacrificial altar of Ru.
  5227 | D:5      | Reached XP level 8. HP: 36/52 MP: 6/8
  5598 | D:6      | Noticed Grinder
  5613 | D:6      | Paralysed by Grinder for 5 turns
  5620 | D:6      | Killed Grinder
  6457 | D:6      | Noticed a troll
  6467 | D:6      | Reached XP level 9. HP: 41/58 MP: 9/9
  6476 | D:6      | Killed a troll
  6686 | D:6      | Found a shimmering altar of Xom.
  6747 | D:6      | Noticed Blork the orc
  6770 | D:6      | Killed Blork the orc
  6793 | D:6      | Found a radiant altar of Vehumet.
  8043 | D:6      | Got a scorched hand axe
  8231 | D:6      | Found a staircase to the Ecumenical Temple.
  8240 | Temple   | Entered the Ecumenical Temple
  8705 | D:7      | Found an ancient bone altar of Kikubaaqudgha.
  9236 | D:8      | Reached skill level 1 in Evocations
  9305 | D:8      | Got a distressingly furry chain mail
  9305 | D:8      | Noticed a hornet
  9324 | D:8      | Killed a hornet
  9325 | D:8      | Reached XP level 10. HP: 53/66 MP: 10/10
  9399 | D:8      | Identified the +5 chain mail of Camoip {Rampage rElec rF-}
                  | (You found it on level 8 of the Dungeon)
  9601 | D:8      | Found a transporter.
  9602 | D:8      | Found an iron altar of Okawaru.
  9602 | D:8      | Noticed an ogre mage
  9766 | D:8      | Found a transporter.
  9849 | D:8      | Found Zin's Purification Station.
  9849 | D:8      | Found a glowing silver altar of Zin.
 10031 | D:8      | Found Hoph's Antique Weapon Emporium.
 10503 | D:8      | Mangled by a freezing wraith

Illustrated notes

Levels and vault maps discovered:
D:1:      ldierk_water_garden, layout_loops_cross, corner_web_ring,
          grunt_decor_junction
D:2:      layout_loops_corners, lemuel_zombie_altar_yredelemnul, st_stairs_7,
          uniq_terence, uniq_crazy_yiuf_cottage
D:3:      layout_loops_ring, general_overflow_altar, overflow_temple_1_default,
          grunt_decor_fettered, palyth_stone_intersect
D:4:      layout_basic, lemuel_coloured_pillars_altar, old_standard_altar,
          serial_shops, kennysheep_mini, kennysheep_diamond, moated_statue
D:5:      layout_gridville, tso_altar, lemuel_doored_altar
D:6:      kennysheep_windowed_halls, layout_loops_ring, old_standard_altar,
          xom_butterflies, minmay_temple_entry_mini_moons,
          grunt_decor_mini_mirrors, minivault_19, uniq_grinder,
          uniq_blork_the_orc
D:7:      layout_rooms, kiku_gazebo_pond_becter
D:8:      layout_basic, gammafunk_temple_overflow_arena, zin_purify,
          serial_shops, shop
Temple:   nicolae_temple_figure_zero

Skill      XL: |  1  2  3  4  5  6  7  8  9 10 |
---------------+-------------------------------+-----
Fighting       | 4 5 6 7 9 |  9.6
Armour         | 4 5 6 7 9 |  9.6
Shields        | 4 5 6 7 9 |  9.6
Evocations     | 1 2 |  2.7
Long Blades    | |  1.7

Action                   |  1- 3 |  4- 6 |  7- 9 | 10-12 || total
-------------------------+-------+-------+-------+-------++-------
Melee: Long sword        |   107 |   164 |    28 |       ||   299
       Unarmed           |       |     3 |       |       ||     3
       Flail             |       |       |   895 |   157 ||  1052
Throw: Dart              |       |       |     7 |     1 ||     8
Evoke: Wand              |       |       |     2 |       ||     2
  Use: Potion            |     1 |     1 |     1 |     3 ||     6
       Scroll            |       |       |    10 |     2 ||    12
 Stab: Paralysed         |       |       |     8 |       ||     8
Armor: Scale mail        |    60 |    70 |   594 |    13 ||   737
       Chain mail        |       |       |       |   110 ||   110
Dodge: Dodged            |    46 |    45 |   308 |    66 ||   465
Block: Kite shield       |    61 |    78 |   556 |   128 ||   823
       Rpst.: Long sword |    14 |    21 |     2 |       ||    37
